 Dungeon Crawl Stone Soup version 0.27-a0-887-gcab673c142 (webtiles) character file.

Game seed: 17890357621109361969

100 DarkShadow the Shield-Bearer (level 5, -1/42 HPs)
             Began as a Formicid Fighter on Apr 4, 2021.
             Slain by Sigmund
             ... wielding a +0 scythe
              (5 damage)
             ... on level 2 of the Dungeon.
             The game lasted 00:03:50 (2591 turns).

DarkShadow the Shield-Bearer (Formicid Fighter)     Turns: 2591, Time: 00:03:50

Health: -1/42      AC:  7    Str: 20    XL:     5   Next: 3%
Magic:  5/5        EV:  8    Int:  8    God:
Gold:   83         SH:  9    Dex: 11    Spells: 4/4 levels left

rFire    . . .     SeeInvis +   a - +0 trident
rCold    . . .     Faith    .   c - +0 kite shield
rNeg     . . .     Spirit   .   b - +0 scale mail
rPois    .         Reflect  .   (helmet unavailable)
rElec    .         Harm     .   (no cloak)
rCorr    .         Rampage  .   (no gloves)
Will     .....                  (no boots)
Stlth    ..........             (no amulet)
HPRegen  0.14/turn              (no ring)
MPRegen  0.09/turn              (no ring)

@: no status effects
A: permanent stasis, dig shafts and tunnels, antennae 3, four strong arms
a: Dig, Shaft Self


You were on level 2 of the Dungeon.
You visited 1 branch of the dungeon, and saw 2 of its levels.

You collected 83 gold pieces.

Inventory:

Hand Weapons
 a - a +0 trident (weapon)
Armour
 b - a +0 scale mail (worn)
 c - a +0 kite shield (worn)
Scrolls
 e - a scroll of magic mapping {unknown}
 h - a scroll of blinking {unknown}
 i - a scroll of teleportation {unknown}
 k - a scroll of identify {unknown}
Potions
 d - a potion of might
 f - 2 potions of resistance {unknown}
 g - a potion of lignification {unknown}
 j - a potion of curing {unknown}
 l - 2 potions of haste {unknown}


   Skills:
 + Level 3.8 Fighting
 + Level 2.9 Polearms
 + Level 4.2 Armour
 + Level 0.5 Dodging
 + Level 0.4 Stealth
 + Level 4.3 Shields


You had 4 spell levels left.
You didn't know any spells.
Your spell library contained the following spells:

 Spells                   Type           Power      Damage    Failure   Level
 Confusing Touch          Hex            0%         N/A       100%        3
 Gell's Gravitas          Tloc           0%         N/A       100%        3
 Petrify                  Tmut/Erth      0%         N/A       100%        4
 Metabolic Englaciation   Hex/Ice        0%         N/A       100%        5
 Yara's Violent Unravell  Hex/Tmut       0%         3d3       100%        5


Dungeon Overview and Level Annotations

Branches:
Dungeon (2/15)

Altars:

Annotations:
D:2 Sigmund


Innate Abilities, Weirdness & Mutations

You cannot be hasted, slowed, berserked, paralysed or teleported.
You can dig through walls and to a lower floor.
You have a pair of large antennae on your head. (SInv)
Your four strong arms can wield two-handed weapons with a shield.


Message History

You feel sick. Sigmund closely misses you.
The hobgoblin hits you but does no damage.
You feel sick.
You are no longer poisoned.
Sigmund hits you from afar with a +0 scythe.
The hobgoblin hits you but does no damage.
Things that are here:
a rat corpse; an adder corpse You hit the hobgoblin.
The hobgoblin is almost dead.
Sigmund screams, "Don't try to resist!"
Sigmund hits you from afar with a +0 scythe!
The hobgoblin barely misses you. Sigmund hits you but does no damage.
You hit the hobgoblin but do no damage.
The hobgoblin is severely wounded.
You block the hobgoblin's attack. Sigmund barely misses you.
The hobgoblin hits you.
You closely miss the hobgoblin.
The hobgoblin is severely wounded.
Sigmund hits you from afar with a +0 scythe.
You block the hobgoblin's attack.
You hit the hobgoblin but do no damage.
The hobgoblin is severely wounded.
You block Sigmund's attack. You block the hobgoblin's attack.
You barely miss the hobgoblin.
The hobgoblin is severely wounded.
Sigmund closely misses you. The hobgoblin closely misses you.
You block Sigmund's attack.
You closely miss the hobgoblin.
The hobgoblin is severely wounded.
You block the hobgoblin's attack. Sigmund barely misses you.
The hobgoblin hits you but does no damage.
You block Sigmund's attack. The hobgoblin barely misses you.
Things that are here:
a +0 dagger; a hobgoblin corpse; a goblin corpse You block the hobgoblin's attack.
Sigmund hits you from afar with a +0 scythe!
* * * LOW HITPOINT WARNING * * *
Sigmund hits you from afar with a +0 scythe.
You die...

#..(....# ####''####...
######### #≈≈≈..≈≈≈#
#...#.#.####≈##..##≈#
#.(#.##..#≈#8..8#≈### #
##.†#.##.'........'.#.#
##.@###.'....(...)...#
{ ##..#..#≈#8..8#≈###.#
{ ##g@.##≈##..##≈# #
#..####≈≈≈..≈≈≈# #..##
#####''#### # #..#
#.###..##.###># { #..#
###.....###...>.. ...#
#........).......
##########
######.#...###### #.#.#
#.# #)....#
#.#.####.########.#..##


You could see Sigmund (invisible) and a hobgoblin.

Vanquished Creatures
  Terence (D:2)
  3 adders (D:2)
  5 ball pythons
  3 bats
  5 endoplasms
  A giant cockroach (D:1)
  4 goblins
  4 hobgoblins
  3 jackals (D:1)
  2 quokkas (D:2)
  3 frilled lizards
  6 kobolds
  6 rats
46 creatures vanquished.

Notes
Turn   | Place    | Note
-------+----------+-------------------------------------------
     0 | D:1      | DarkShadow the Formicid Fighter began the quest for the
                  | Orb.
     0 | D:1      | Reached XP level 1. HP: 18/18 MP: 1/1
   704 | D:1      | Reached XP level 2. HP: 24/24 MP: 2/2
  1339 | D:1      | Reached XP level 3. HP: 26/29 MP: 3/3
  1565 | D:1      | Found a faded altar of an unknown god.
  1983 | D:2      | Reached XP level 4. HP: 34/37 MP: 4/4
  2155 | D:2      | Noticed Terence
  2166 | D:2      | Killed Terence
  2570 | D:2      | Noticed Sigmund
  2577 | D:2      | Reached XP level 5. HP: 32/42 MP: 5/5
  2591 | D:2      | Slain by Sigmund

Illustrated notes

Levels and vault maps discovered:
D:1:      dpeg_arrival_three_smaller_balls, layout_basic,
          ebering_ecumenical_altar_mist
D:2:      minmay_diamond_boxcup, layout_loops_ring, kennysheep_generic_room_5,
          uniq_terence, uniq_sigmund

Skill      XL: |  1  2  3 |
---------------+----------+-----
Shields        | 4 |  4.3
Armour         | 4 |  4.2
Fighting       | |  3.8
Polearms       | |  2.9
Dodging        | |  0.5
Stealth        | |  0.4

Action                   |  1- 3 |  4- 6 || total
-------------------------+-------+-------++-------
Melee: Trident           |    98 |    58 ||   156
 Abil: Dig               |     1 |       ||     1
Armor: Scale mail        |    47 |    35 ||    82
Dodge: Dodged            |    42 |    42 ||    84
Block: Kite shield       |    53 |    46 ||    99

Table legend: (Time is in decaauts)
 A = Elapsed time spent in this place.
 B = Non-inter-level travel time spent in this place.
 C = Inter-level travel time spent in this place.
 D = Time resting spent in this place.
 E = Time spent auto-exploring this place.
 F = Levels seen in this place.
 G = Mean time per level.
                   A        B        C        D        E       F      G
               +--------+--------+--------+--------+--------+-----+--------+
         Total |   2644 |   2644 |      0 |    967 |   1002 |   2 | 1322.0 |
       Dungeon |   2644 |   2644 |      0 |    967 |   1002 |   2 | 1322.0 |
               +--------+--------+--------+--------+--------+-----+--------+

Top non-repeatable levels by time:
     D:1: 1856 daAuts
     D:2: 788 daAuts
